 Dungeon Sprint DCSS version 0.22-a0-429-g97ce8ef721 (webtiles) character file.

12198 Ebeneezer the End of an Era (level 11, -1/90 HPs)
             Began as a Demonspawn Fighter on May 25, 2018.
             Was the Champion of Qazlal.
             Slain by a deep troll (7 damage)
             ... in the Dungeon (Sprint IX: "|||||||||||||||||||||||||||||").
             The game lasted 00:03:32 (1505 turns).

Ebeneezer the End of an Era (Demonspawn Fighter)    Turns: 1505, Time: 00:03:32

Health: -1/90      AC: 16    Str: 25    XL:     11   Next: 59%
Magic:  8/23       EV: 17    Int:  9    God:    Qazlal [******]
Gold:   1260       SH: 22    Dex: 21    Spells: 10/10 levels left

rFire    . . .     SeeInvis .   a - +0 long sword
rCold    . . .     Gourm    .   c - +0 shield
rNeg     . . .     Faith    .   q - +2 ring mail
rPois    .         Spirit   .   (helmet unavailable)
rElec    .         Reflect  .   p - +0 cloak
rCorr    .         Harm     .   j - +0 pair of gloves
MR       .....     NoTele   +   v - +0 pair of boots
Stlth    +.........             (no amulet)
HPRegen  0.25/turn              r - +3 ring of dexterity
MPRegen  0.18/turn              s - +3 ring of strength

@: mighty, protected from physical damage, slowed, repel missiles, very slow
A: horns 3, thin skeletal structure 1, powered by death 1, rot immunity
a: Upheaval, Elemental Force, Disaster Area, Renounce Religion


You were in the Dungeon.
You worshipped Qazlal.
Qazlal was exalted by your worship.
You were not hungry.

You visited 1 branch You collected 1260 gold pieces.

Inventory:

Hand Weapons
 a - a +0 long sword (weapon)
Armour
 c - a +0 shield (worn)
 j - a +0 pair of gloves (worn)
 p - a +0 cloak (worn)
 q - a +2 ring mail (worn)
 v - a +0 pair of boots (worn)
Jewellery
 r - a +3 ring of dexterity (left hand)
 s - a +3 ring of strength (right hand)
Scrolls
 k - 2 scrolls of blinking
 m - 5 scrolls of remove curse
 n - 3 scrolls of amnesia
 t - 2 scrolls of fear
 u - 2 scrolls of enchant armour
Potions
 e - 8 potions of curing
 g - a potion of heal wounds
 h - a potion of haste
 i - 4 potions of magic
 l - a potion of invisibility
 o - 2 potions of agility
Comestibles
 b - 4 chunks of flesh
 f - 12 rations


   Skills:
 + Level 10.1 Fighting
 + Level 14.7 Long Blades
 + Level 8.3 Armour
 + Level 8.3 Dodging
 + Level 12.7 Shields
 * Level 16.2 Invocations


You had 10 spell levels left.
You didn't know any spells.
Your spell library was empty.

Dungeon Overview and Level Annotations

Branches:
Dungeon (1/1)

Altars:
Cheibriados
Dithmenos
Elyvilon
Fedhas
Gozag
Hepliaklqana
Kikubaaqudgha
Makhleb
Nemelex Xobeh
Okawaru
Qazlal
Ru
Sif Muna
Trog
Uskayaw
Vehumet
Wu Jian
Xom
Yredelemnul
Zin
The Shining One
Beogh
Jiyva
Lugonu

Shops:
D **


Innate Abilities, Weirdness & Mutations

You have a pair of large horns on your head.
You have a somewhat thin skeletal structure. (Dex +2, Stealth)
You regenerate a little health from kills.
You are immune to rotting.


Message History

You closely miss the deep troll.
The deep troll is heavily wounded.
You block the ogre mage's attack. The deep troll bites you!
* * * LOW HITPOINT WARNING * * *
The deep troll claws you but does no damage.
You block the deep troll's attack. The ogre mage closely misses you.
You feel very mighty all of a sudden.
The ogre mage hits you from afar with an enchanted spear.
* * * LOW HITPOINT WARNING * * *
You feel more protected from physical attacks.
You block the deep troll's attack. x2; The deep troll claws you!
* * * LOW HITPOINT WARNING * * *
The ogre mage hits you but does no damage.
The deep troll bites you but does no damage.
The deep troll closely misses you. x2
You slash the deep troll! Your headbutt misses the deep troll.
The deep troll is severely wounded.
You block the ogre mage's attack. x2; You block the deep troll's attack.
The deep troll misses you. The deep troll claws you!
You die...

▓_▓.▓†▓.▓[▓
▓_▓.▓.▓.▓)▓
▓_▓.▓.▓.▓[▓
▓_▓.▓.▓.▓.▓
▓_▓.▓.▓.▓)▓
▓_▓.▓†▓.▓.▓
▓_▓.▓.▓.▓O▓
▓_▓.▓.▓.▓.▓
▓_▓.▓.▓.▓@▓
▓'▓.▓†▓.▓T▓
▓.▓.▓.▓.▓)▓
▓.▓.▓.▓.▓)▓
▓|▓.▓†▓.▓.▓
▓)▓.▓.▓.▓.▓
▓.▓.▓.▓.▓∩▓
▓.▓.▓.▓.▓.▓
▓.▓.▓.▓.▓∩▓


You could see an ogre mage and a deep troll.

Vanquished Creatures
  An ettin (D)
  2 ogre magi (D)
  6 deep trolls (D)
  5 spiny frogs (D)
  A komodo dragon (D)
  6 polar bears (D)
  2 trolls (D)
  A blink frog (D)
  A wraith (D)
  A yak (D)
  2 wyverns (D)
  A water moccasin (D)
  A sky beast (D)
  17 orc warriors (D)
  2 black bears (D)
  A wolf (D)
  2 ogres (D)
  A centaur (D)
  A crocodile (D)
  5 bullfrogs (D)
  A howler monkey (D)
  A crimson imp (D)
  An orc priest (D)
  4 orc wizards (D)
  A jelly (D)
  An adder zombie (D)
  A dart slug (D)
  7 orcs (D)
  A bat (D)
  A bat skeleton (D)
  A bat zombie (D)
  A goblin (D)
  A hobgoblin (D)
  A jackal skeleton (D)
  2 kobolds (D)
84 creatures vanquished.

Notes
Turn   | Place    | Note
-------+----------+-------------------------------------------
     0 | D        | Ebeneezer the Demonspawn Fighter began the quest for the Orb.
     0 | D        | Reached XP level 1. HP: 18/18 MP: 1/1
   133 | D        | Noticed a centaur
   133 | D        | Noticed a jelly
   137 | D        | Gained mutation: You are immune to rotting. [demonic ancestry]
   137 | D        | Reached XP level 2. HP: 24/24 MP: 2/2
   144 | D        | Killed a centaur
   144 | D        | Gained mutation: You have a pair of small horns on your head. [demonic ancestry]
   144 | D        | Reached XP level 3. HP: 26/29 MP: 3/3
   144 | D        | Reached XP level 4. HP: 32/35 MP: 4/4
   333 | D        | Found a roughly hewn altar of Beogh.
   333 | D        | Found a snail-covered altar of Cheibriados.
   333 | D        | Found a shadowy altar of Dithmenos.
   333 | D        | Found a white marble altar of Elyvilon.
   333 | D        | Found a blossoming altar of Fedhas.
   333 | D        | Found an opulent altar of Gozag.
   334 | D        | Found a hazy altar of Hepliaklqana.
   335 | D        | Found a viscous altar of Jiyva.
   336 | D        | Found an ancient bone altar of Kikubaaqudgha.
   337 | D        | Found a corrupted altar of Lugonu.
   338 | D        | Found a burning altar of Makhleb.
   339 | D        | Found a sparkling altar of Nemelex Xobeh.
   340 | D        | Found an iron altar of Okawaru.
   341 | D        | Found a stormy altar of Qazlal.
   342 | D        | Found a sacrificial altar of Ru.
   343 | D        | Found a deep blue altar of Sif Muna.
   344 | D        | Found a bloodstained altar of Trog.
   345 | D        | Found a hide-covered altar of Uskayaw.
   346 | D        | Found a radiant altar of Vehumet.
   347 | D        | Found an ornate altar of the Wu Jian Council.
   348 | D        | Found a shimmering altar of Xom.
   349 | D        | Became a worshipper of Qazlal Stormbringer
   350 | D        | Found a basalt altar of Yredelemnul.
   351 | D        | Found a glowing silver altar of Zin.
   352 | D        | Found a glowing golden altar of the Shining One.
   402 | D        | Noticed a wraith
   402 | D        | Noticed an orc warrior
   402 | D        | Noticed an orc warrior
   416 | D        | Killed an orc warrior
   416 | D        | Reached * piety under Qazlal
   416 | D        | Reached skill level 1 in Dodging
   416 | D        | Reached skill level 3 in Invocations
   416 | D        | Gained mutation: You have a somewhat thin skeletal structure. (Dex +2, Stealth) [demonic ancestry]
   416 | D        | Reached XP level 5. HP: 20/42 MP: 4/7
   419 | D        | Killed a wraith
   419 | D        | Reached skill level 5 in Fighting
   419 | D        | Reached skill level 5 in Invocations
   419 | D        | Reached XP level 6. HP: 22/51 MP: 4/10
   421 | D        | Killed an orc warrior
   421 | D        | Reached skill level 10 in Long Blades
   421 | D        | Reached skill level 5 in Armour
   421 | D        | Reached skill level 6 in Invocations
   428 | D        | Reached ** piety under Qazlal
   428 | D        | Reached skill level 5 in Shields
   656 | D        | Noticed a sky beast
   659 | D        | Reached XP level 7. HP: 57/57 MP: 11/11
   660 | D        | Reached skill level 7 in Invocations
   660 | D        | Reached *** piety under Qazlal
   776 | D        | Noticed a spiny frog
   776 | D        | Noticed a spiny frog
   776 | D        | Noticed a yak
   776 | D        | Noticed a blink frog
   787 | D        | Killed a spiny frog
   787 | D        | Reached skill level 8 in Invocations
   787 | D        | Gained mutation: You have a pair of horns on your head. [demonic ancestry]
   787 | D        | Reached XP level 8. HP: 37/65 MP: 12/14
   802 | D        | Killed a spiny frog
   802 | D        | Reached skill level 9 in Invocations
   804 | D        | Killed a blink frog
   804 | D        | Reached **** piety under Qazlal
   819 | D        | Reached skill level 10 in Invocations
   831 | D        | Reached ***** piety under Qazlal
   831 | D        | Gained mutation: You regenerate a little health from kills. [demonic ancestry]
   831 | D        | Reached XP level 9. HP: 42/72 MP: 16/16
   956 | D        | Noticed a spiny frog
   956 | D        | Noticed a spiny frog
   956 | D        | Noticed a spiny frog
   957 | D        | Reached skill level 5 in Dodging
   957 | D        | Killed a spiny frog
   957 | D        | Reached skill level 11 in Invocations
   957 | D        | Killed a spiny frog
   957 | D        | Noticed a komodo dragon
   962 | D        | Killed a spiny frog
   967 | D        | Killed a komodo dragon
  1063 | D        | Noticed a polar bear
  1063 | D        | Noticed a polar bear
  1063 | D        | Noticed a polar bear
  1063 | D        | Noticed a polar bear
  1063 | D        | Noticed a polar bear
  1064 | D        | Killed a polar bear
  1064 | D        | Reached skill level 12 in Invocations
  1064 | D        | Reached XP level 10. HP: 79/80 MP: 17/19
  1086 | D        | Reached skill level 13 in Invocations
  1205 | D        | Reached ****** piety under Qazlal
  1242 | D        | Reached skill level 10 in Shields
  1339 | D        | Reached skill level 14 in Invocations
  1454 | D        | Found Joco's General Store.
  1454 | D        | Noticed a deep troll
  1454 | D        | Noticed a deep troll
  1454 | D        | Noticed a deep troll
  1454 | D        | Noticed a deep troll
  1454 | D        | Noticed a deep troll
  1455 | D        | Killed a deep troll
  1455 | D        | Killed a deep troll
  1455 | D        | Gained mutation: You have a pair of large horns on your head. [demonic ancestry]
  1455 | D        | Reached XP level 11. HP: 89/89 MP: 21/21
  1455 | D        | Killed a deep troll
  1455 | D        | Killed a deep troll
  1456 | D        | Noticed a deep troll
  1459 | D        | Noticed an ettin
  1465 | D        | Killed a deep troll
  1465 | D        | Reached skill level 15 in Invocations
  1465 | D        | Killed an ettin
  1468 | D        | Found Goequzur's General Store.
  1472 | D        | Killed a deep troll
  1473 | D        | Noticed an ogre mage
  1480 | D        | Noticed an ogre mage
  1482 | D        | Noticed an ogre mage
  1487 | D        | Noticed a deep troll
  1488 | D        | Killed an ogre mage
  1488 | D        | Reached skill level 10 in Fighting
  1491 | D        | Killed an ogre mage
  1491 | D        | Reached skill level 16 in Invocations
  1505 | D        | Slain by a deep troll

Vault maps used:
D:        linesprint

Skill      XL: |  1  2  3  4  5  6  7  8  9 10 11 |
---------------+----------------------------------+-----
Long Blades    | 4 8 9 10 11 13 14 | 14.7
Fighting       | 4 5 6 7 8 9 10 | 10.1
Armour         | 3 4 5 6 7 8 |  8.3
Dodging        | 1 2 3 4 6 7 8 |  8.3
Shields        | 3 4 5 6 7 9 11 12 | 12.7
Invocations    | 3 5 6 8 10 12 14 16 | 16.2

Action                   |  1- 3 |  4- 6 |  7- 9 | 10-12 || total
-------------------------+-------+-------+-------+-------++-------
Melee: Long sword        |    25 |    23 |    66 |   145 ||   259
       Headbutt          |       |     3 |    18 |    55 ||    76
Invok: Disaster Area     |       |       |     2 |     5 ||     7
Evoke: Wand              |       |     7 |     3 |       ||    10
  Use: Potion            |     1 |       |     3 |     2 ||     6
  Eat: Chunk             |       |       |     1 |     1 ||     2
Armor: Scale mail        |     4 |       |       |       ||     4
       Ring mail         |       |     5 |    10 |    21 ||    36
Dodge: Dodged            |     6 |    11 |    18 |    37 ||    72
Block: Shield            |    14 |    12 |    41 |   123 ||   190
       Rpst.: Long sword |     3 |     4 |     5 |     7 ||    19

Table legend:
 A = Spawn XP
 B = Non-spawn XP
 C = Spawn XP percentage of total XP
 D = Spawn monster count
 E = Non-spawn monster count
 F = Spawn count percentage of total count
 G = Total turns spent on level
                    A         B        C        D         E        F      G
               +---------+---------+-------+---------+---------+-------+---------
         Total |       0 |   17426 |   0.0 |       0 |      84 |   0.0 |  1505
               +---------+---------+-------+---------+---------+-------+---------
             D |       0 |   17426 |   0.0 |       0 |      84 |   0.0 |  1505
               +---------+---------+-------+---------+---------+-------+---------
